 Dungeon Crawl Stone Soup version 0.30.1-11-g7821555f0a (webtiles) character file.

Game seed: 15627643438059998778

266234 babbab the Fencer (level 19, -10/152 (157) HPs)
             Began as a Demonspawn Gladiator on Jan 9, 2024.
             Was an Elder of Lugonu.
             Mangled by a white very ugly thing (53 damage)
             ... on level 3 of the Vaults.
             The game lasted 01:52:09 (50091 turns).

babbab the Fencer (Demonspawn Gladiator)           Turns: 50091, Time: 01:52:10

HP:   -10/152 (157) AC: 36    Str: 17    XL:     19   Next: 32%
MP:   7/25          EV: 23    Int: 14    God:    Lugonu [****..]
Gold: 3077          SH:  4    Dex: 24    Spells: 6/26 levels left

rFire   . . .        p - +8 great sword (flame)
rCold   . . .        (shield currently unavailable)
rNeg    + + .        I - +5 ring mail "Ogeysoax" {rElec Str+3 Int+3}
rPois   .            v - +1 helmet of the Desert {Dex+4}
rElec   +            Q - +2 cloak {Will+}
rCorr   .            K - +0 pair of gloves
SInv    .            g - +0 pair of boots
Will    +++..        M - amulet of Vitality {RegenMP++ Regen++}
Stlth   ++           N - ring "Bafugg" {Wiz rN++ Str-2}
HPRegen 2.05/turn    z - ring of willpower
MPRegen 0.99/turn

%: wizardry (x1)
@: sanguine armoured, lightly drained
A: reduced essence, icemail 1, robust 1, spiny 3, sanguine armour 2,
condensation shield, demonic touch 2
}: 2/15 runes: barnacled, gossamer
a: Renounce Religion, Depart the Abyss, Banish, Corrupt


You were on level 3 of the Vaults.
You worshipped Lugonu.
Lugonu was greatly pleased with you.
You visited 8 branches of the dungeon, and saw 37 of its levels.
You visited the Abyss 1 time.
You also visited: Sewer, Ossuary, Bailey, Ice Cave and Volcano.

You collected 5922 gold pieces.
You spent 2845 gold pieces at shops.

Inventory:

Hand Weapons
 p - a +8 great sword of flaming (weapon)
 r - a +1 spectral demon blade
 x - a +2 great sword of freezing
Missiles
 d - 12 throwing nets (quivered)
 e - 20 curare-tipped darts
 V - 13 silver javelins
Armour
 c - +1 ice dragon scales
 g - a +0 pair of boots (worn)
 l - the +0 hat of the Tuna {rCorr Dex+2}
   (You found it on level 4 of the Spider Nest)

   Dex:       It affects your dexterity (+2).
   rCorr:     It protects you from acid and corrosion.
 o - a +1 cloak of poison resistance
 v - the +1 helmet of the Desert (worn) {Dex+4}
   (You found it in an ice cave)

   Dex:       It affects your dexterity (+4).
 D - a +2 scale mail of fire resistance
 I - the +5 ring mail "Ogeysoax" (worn) {rElec Str+3 Int+3}
   (You bought it in a shop on level 2 of the Orcish Mines)

   Str:       It affects your strength (+3).
   Int:       It affects your intelligence (+3).
   rElec:     It insulates you from electricity.
 K - a +0 pair of gloves (worn)
 Q - a +2 cloak of willpower (worn)
 S - a +4 plate armour of willpower
Jewellery
 a - a ring of protection from fire
 m - a ring of flight
 z - a ring of willpower (right hand)
 A - a ring of see invisible
 J - a ring of positive energy
 M - the amulet of Vitality (around neck) {RegenMP++ Regen++}
   (You found it on level 3 of the Elven Halls)

   [amulet of magic regeneration]

   It increases your rate of magic regeneration.
   Regen:     It increases your rate of health regeneration.
 N - the ring "Bafugg" (left hand) {Wiz rN++ Str-2}
   (You took it off an orc wizard on level 8 of the Dungeon)

   [ring of wizardry]

   It improves your spell success rate.
   Str:       It affects your strength (-2).
   rN:        It greatly protects you from negative energy.
Wands
 u - a wand of digging (21)
Scrolls
 b - 5 scrolls of fog
 j - 8 scrolls of immolation
 n - 11 scrolls of teleportation
 t - 5 scrolls of amnesia
 y - 3 scrolls of blinking
 G - a scroll of torment
 H - 18 scrolls of identify
 O - a scroll of vulnerability
 P - 2 scrolls of magic mapping
 U - 6 scrolls of fear
 Y - 3 scrolls of silence
Potions
 f - 11 potions of mutation
 h - 9 potions of ambrosia
 i - 7 potions of magic
 k - 13 potions of attraction
 q - 2 potions of invisibility
 s - 14 potions of curing
 B - 7 potions of cancellation
 C - 11 potions of brilliance
 E - a potion of resistance
 L - 2 potions of flight
 R - 4 potions of lignification
 X - 4 potions of heal wounds
Miscellaneous
 w - a lightning rod (4/4)
 F - a phantom mirror
 T - a phial of floods


   Skills:
 - Level 16.2 Fighting
 * Level 17.1 Long Blades
 - Level 1.7 Throwing
 - Level 15.3 Armour
 - Level 15.0 Dodging
 - Level 2.4 Stealth
 - Level 4.0 Spellcasting
 - Level 11.1 Translocations
 * Level 8.0 Invocations


You had 6 spell levels left.
You knew the following spells:

 Your Spells              Type           Power      Damage    Failure   Level
a - Manifold Assault      Tloc           33%        N/A       1%          4
b - Vhi's Electric Charg  Tloc/Air       36%        N/A       3%          3
c - Portal Projectile     Hex/Tloc       36%        N/A       3%          3
d - Wereblood             Tmut           2%         N/A       17%         2
e - Passage of Golubria   Tloc           33%        N/A       1%          4
f - Blink                 Tloc           66%        N/A       1%          2
g - Lesser Beckoning      Tloc           66%        N/A       1%          2

Your spell library contained the following spells:

 Spells                   Type           Power      Damage    Failure   Level
 Momentum Strike          Conj/Tloc      36%        3d9       1%          2
 Beastly Appendage        Tmut           4%         N/A       12%         1
 Kiss of Death            Conj/Necr      8%         2d6       12%         1
 Necrotise                Necr           8%         1d4       12%         1
 Sting                    Tmut/Pois      8%         1d3       12%         1
 Cigotuvi's Dreadful Rot  Necr/Pois/Air  4%         N/A       17%         2
 Ensorcelled Hibernation  Hex/Ice        4%         N/A       17%         2
 Passwall                 Tmut/Erth      1%         N/A       17%         2
 Poisonous Vapours        Pois/Air       4%         N/A       17%         2
 Searing Ray              Conj           4%         2d4       17%         2
 Static Discharge         Conj/Air       4%         2-3/arc   17%         2
 Dazzling Flash           Conj/Hex       4%         N/A       32%         3
 Hailstorm                Conj/Ice       2%         3d3       32%         3
 Ignite Poison            Fire/Tmut/Pois 2%         N/A       32%         3
 Ozocubu's Armour         Ice            2%         N/A       32%         3
 Spider Form              Tmut/Pois      2%         N/A       32%         3
 Summon Guardian Golem    Hex/Summ       2%         N/A       32%         3
 Swiftness                Air            2%         N/A       32%         3
 Vampiric Draining        Necr           2%         2d6       32%         3
 Airstrike                Air            1%         2d(1-17)  71%         4
 Anguish                  Hex/Necr       1%         N/A       71%         4
 Animate Armour           Summ/Erth      4%         N/A       71%         4
 Cause Fear               Hex            1%         N/A       71%         4
 Olgreb's Toxic Radiance  Pois           2%         N/A       71%         4
 Sticky Flame             Conj/Fire      2%         2d3       71%         4
 Summon Ice Beast         Ice/Summ       2%         N/A       71%         4
 Summon Lightning Spire   Summ/Air       2%         N/A       71%         4
 Agony                    Necr           2%         N/A       95%         5
 Arcjolt                  Conj/Air       1%         1d11      95%         5
 Blade Hands              Tmut           1%         N/A       95%         5
 Silence                  Hex/Air        1%         N/A       95%         5
 Summon Mana Viper        Hex/Summ       2%         N/A       95%         5
 Iron Shot                Conj/Erth      1%         9d1       100%        6
 Simulacrum               Ice/Necr       1%         N/A       100%        6
 Enfeeble                 Hex            1%         N/A       100%        7
 Monstrous Menagerie      Summ           1%         N/A       100%        7
 Orb of Destruction       Conj           1%         9d5       100%        7
 Ozocubu's Refrigeration  Ice            1%         4d7       100%        7
 Spellforged Servitor     Conj/Summ      1%         N/A       100%        7
 Storm Form               Tmut/Air       1%         N/A       100%        7
 Ignition                 Fire           1%         3d3       100%        8
 Lehudib's Crystal Spear  Conj/Erth      1%         10d2      100%        8
 Maxwell's Capacitive Co  Air            1%         ∞         100%        8
 Polar Vortex             Ice            1%         N/A       100%        9


Dungeon Overview and Level Annotations

Branches:
Dungeon (15/15)            Temple (1/1) D:5            Lair (5/5) D:11
 Shoals (4/4) Lair:2       Spider (4/4) Lair:2        Slime (0/5) Lair:4
    Orc (2/2) D:10            Elf (3/3) Orc:2        Vaults (3/5) D:13
 Depths (0/4) D:15          Sewer (visited)         Ossuary (visited)
 Bailey (visited)           IceCv (visited)         Volcano (visited)
  Crypt: Vaults:2-3

Altars:
Ashenzari
Cheibriados
Dithmenos
Fedhas
Gozag
Hepliaklqana
Kikubaaqudgha
Makhleb
Nemelex Xobeh
Okawaru
Qazlal
Ru
Sif Muna
Trog
Uskayaw
Vehumet
Wu Jian
Xom
Yredelemnul

Shops:
D:4 :   D:6 :*([   Orc:2 [=?=   Elf:1 =   Shoals:1 :

Portals:
Trove: Vaults:1 (give 8 potions of haste)

Annotations:
D:4 2 transporters, Tang's ghost, amateur KoHs
D:8 3 runed translucent doors, Natenado's ghost, novice DjFE
Temple 2 transporters
Elf:2 3 runed translucent doors
Vaults:2 Sojobo


Innate Abilities, Weirdness & Mutations

Your life essence is reduced to manifest your ancestor. (-10% HP)
A meltable icy envelope protects you from harm. (AC +4)
You are robust. (+10% HP)
You are completely covered in sharp spines.
When seriously injured, your blood forms thick armour. (AC +9)
A meltable shield of frost defends you. (SH +4)
Your touch may inflict irresistible damage on your foes.


Message History

A deep troll comes into view.
Casting: Manifold Assault (mildly dangerous; 1% risk of failure)
Confirm with . or Enter, or press ? or * to list all spells.
Space momentarily warps into an impossible shape!
You hit the ironbound preserver. You burn the ironbound preserver.
You hit the white ugly thing. You burn the white ugly thing.
A deep troll comes into view.
You barely miss the white very ugly thing.
The white very ugly thing is heavily wounded.
You barely miss the white very ugly thing.
The white very ugly thing is heavily wounded.
The white very ugly thing is struck by your spines.
The white very ugly thing tail-slaps you.
The white very ugly thing freezes you!!
The white very ugly thing completely misses you.
You closely miss the white very ugly thing.
The white very ugly thing is heavily wounded.
The white ugly thing basks in the mutagenic energy from its kin and changes!
The white very ugly thing is struck by your spines.
The white very ugly thing misses you.
The white very ugly thing completely misses you.
You closely miss the white very ugly thing.
The white very ugly thing is heavily wounded.
The white very ugly thing misses you.
The white very ugly thing is struck by your spines.
The white very ugly thing tail-slaps you!
The white very ugly thing freezes you!!!
Your blood congeals into armour.
You slice the ironbound preserver!! You burn the ironbound preserver.
The ironbound preserver is moderately wounded.
The ironbound preserver closely misses you.
The brown ugly thing basks in the mutagenic energy from its kin and changes!
The white very ugly thing is struck by your spines.
The white very ugly thing tentacle-slaps you!
The white very ugly thing freezes you!!
The white very ugly thing is struck by your spines.
The white very ugly thing tail-slaps you!
* * * LOW HITPOINT WARNING * * *
The white very ugly thing freezes you!!!
You die...

#........#
#################
###....###
#................ ##..##
#................ #..
#................ ###
#................
#............[...
########.....##########'
....uup#.....# #...
#u@..)..# #...
#.Tuu#.....# ###.
.....Tu#.....# #.
....T..#.....# ###
##############.....# #..
#.).........##.....# #..
#........<..##.....# #..
#...........##.....# #..
#...........##.....# #..


You could see an ironbound preserver, 2 very ugly things, 4 ugly things and 3
deep trolls.

Vanquished Creatures
  Rupert (Orc:2)
  An Ice Fiend (IceCv)
  Mlioglotl (Spider:3)
  Asterion (Spider:1)
  2 deep elf blademasters (Elf:3)
  2 sphinxes (Vaults:3)
  2 deep elf master archers (Elf:3)
  Agnes (Spider:3)
  Donald (Vaults:1)
  4 vault wardens
  5 deep elf sorcerers
  5 ghost moths
  3 emperor scorpions
  2 deep elf elementalists (Elf:3)
  2 broodmothers
  9 very ugly things
  3 war gargoyles (Vaults:1)
  An orc warlord (Vaults:2)
  2 ironbound preservers
  2 stone giants
  5 ironbound thunderhulks
  2 deep elf annihilators (Elf:3)
  6 deep elf demonologists
  3 dire elephants (Vaults:1)
  A spark wasp (Spider:4)
  A fire dragon (Lair:5)
  3 deep elf death magi
  8 merfolk impalers
  3 merfolk javelineers
  7 entropy weavers
  Josephine (Lair:4)
  3 deep elf high priests (Elf:3)
  2 hydras
  4 yaktaur captains
  2 vault guards
  2 ogre magi (Orc:2)
  3 ironbound frosthearts
  A peacekeeper (Vaults:1)
  A jorogumo (Spider:4)
  6 merfolk aquamancers
  2 radroaches (Spider:1)
  3 merfolk avatars
  3 alligator snapping turtles
  11 centaur warriors
  2 two-headed ogres
  2 boulder beetles
  7 dancing weapons
  A two-headed ogre (shapeshifter) (Elf:2)
  8 satyrs
  A vampire mage (D:15)
  Urug (Lair:2)
  12 deep elf knights
  Nergalle (Orc:2)
  A skyshark (Shoals:2)
  2 sun moths
  3 deep trolls (Vaults:2)
  A swamp dragon (Lair:5)
  4 skeletal warriors (D:15)
  An orb spider (shapeshifter) (Vaults:1)
  A sea snake (Shoals:2)
  10 pharaoh ants
  12 deep elf archers
  A lindwurm (Lair:5)
  3 steelbarb worms
  5 ironbound convokers
  6 wizards
  4 orb spiders
  8 spriggan simulacra (IceCv)
  Pikel (D:6)
  16 harpies
  An obsidian statue (IceCv)
  6 orc knights
  28 deep elf pyromancers
  23 deep elf zephyrmancers
  A necromancer (D:15)
  6 cyclopes
  7 orc sorcerers
  A stone giant zombie (D:15)
  33 ugly things
  17 fauns
  17 manticores
  A salamander (shapeshifter) (Elf:2)
  28 wolf spiders
  4 moths of wrath
  7 elephants
  7 merfolk sirens
  8 slime creatures (D:14)
  2 vault sentinels (Vaults:1)
  5 black mambas
  2 molten gargoyles (Volcano)
  4 water nymphs
  6 demonic crawlers
  17 cane toads
  2 gargoyles
  A guardian serpent (Lair:5)
  A torpor snail (Spider:3)
  4 unseen horrors
  Psyche (D:9)
  12 komodo dragons
  5 freezing wraiths
  4 kobold demonologists
  24 yaktaurs
  7 ice devils (IceCv)
  4 rime drakes
  An efreet (Volcano)
  A golden dragon simulacrum (IceCv)
  A troll (shapeshifter) (D:15)
  2 polar bears (Lair:5)
  2 anaconda simulacra (IceCv)
  4 trolls
  5 wind drakes
  25 tarantellas
  21 merfolk
  7 meliai
  6 blink frogs
  36 jumping spiders
  2 hornets (Lair:5)
  2 air elementals (Elf:1)
  19 dream sheep
  7 snapping turtles
  A ynoxinul (D:9)
  2 shadows
  13 water elementals
  8 wyverns
  3 wraiths
  A spriggan (Lair:5)
  A vampire (D:13)
  23 culicivoras
  A dire elephant simulacrum (IceCv)
  30 yaks
  4 fire elementals
  15 vampire mosquitoes
  A steam dragon (D:4)
  46 redbacks
  2 basilisks
  6 minotaur simulacra (IceCv)
  2 acid dragons (Lair:5)
  A hydra simulacrum (IceCv)
  4 wargs
  19 water moccasins
  A human skeleton (D:15)
  3 swamp drakes (Lair:5)
  5 black bears
  20 orc warriors
  6 alligator simulacra (IceCv)
  4 ogres
  4 wolves (Lair:1)
  15 centaurs
  11 kobold brigands
  A gnoll sergeant (D:8)
  5 bullfrogs
  8 deep troll simulacra (IceCv)
  6 earth elementals
  7 scorpions
  2 wights (D:8)
  2 hexers
  A lindwurm simulacrum (IceCv)
  14 killer bees
  12 howler monkeys
  5 electric eels
  A hound (D:5)
  4 lava snakes (Volcano)
  A sleepcap (D:3)
  13 orc priests
  A jelly (D:6)
  Terence (D:2)
  29 orc wizards
  8 iguanas
  4 mummies (Ossuary)
  12 adders
  15 gnolls
  4 river rats (Sewer)
  A shadow imp (D:7)
  5 worms
  A dart slug (D:4)
  64 orcs
  4 bats
  6 endoplasms
  6 giant cockroaches
  A gnoll zombie (Ossuary)
  9 goblins
  7 hobgoblins
  9 jackals
  10 quokkas
  8 ball pythons
  3 frilled lizards (D:1)
  2 hobgoblin zombies (Ossuary)
  33 kobolds
  3 kobold zombies (Ossuary)
  2 orc zombies (Ossuary)
  27 rats
1293 creatures vanquished.

Vanquished Creatures (collateral kills)
  Arachne (Spider:3)
  The ghost of ritesign the Eclecticist, an adept DECj of Gozag (Spider:3)
  A deep elf sorcerer (Elf:1)
  An emperor scorpion (Spider:4)
  A ghost moth (Spider:3)
  2 broodmothers (Spider:4)
  A spark wasp (Spider:3)
  An entropy weaver (Spider:2)
  2 catoblepae (Lair:5)
  2 jorogumos
  4 merfolk aquamancers
  2 boulder beetles
  An alligator snapping turtle (Shoals:3)
  3 satyrs
  A deep elf knight (Elf:1)
  A sun moth (Spider:4)
  A pharaoh ant (Spider:1)
  An orb spider (Spider:1)
  2 skeletal warriors (D:15)
  A tengu zombie (D:15)
  A deep elf archer (Elf:1)
  A deep elf zephyrmancer (Elf:1)
  6 harpies
  An orc sorcerer (Orc:2)
  2 ugly things
  6 wolf spiders
  2 fauns
  2 manticores
  A merfolk siren (Shoals:3)
  Maurice (D:11)
  2 elephants (Lair:5)
  2 black mambas
  2 torpor snails (Spider:4)
  A demonic crawler (Spider:4)
  6 cane toads
  A komodo dragon (Lair:5)
  An ice devil (IceCv)
  5 merfolk
  2 wind drakes
  A blink frog (Lair:5)
  3 tarantellas (Spider:4)
  An ettin zombie (D:15)
  A snapping turtle (Shoals:1)
  A jumping spider (Spider:4)
  2 water elementals
  7 culicivoras
  4 yaks
  3 wraiths
  4 wyverns (Lair:5)
  A minotaur simulacrum (IceCv)
  A steam dragon (D:9)
  5 redbacks
  6 water moccasins
  3 orc warriors
  2 black bears
  An alligator simulacrum (IceCv)
  2 centaurs
  A wolf (Lair:1)
  4 kobold brigands
  A bullfrog (D:8)
  A wight (D:8)
  A lava snake (Volcano)
  An orc priest (D:10)
  4 orc wizards
  4 gnolls (D:8)
  12 orcs
  5 kobolds
157 creatures vanquished.

Vanquished Creatures (others)
  A deep elf elementalist (Elf:3)
  4 deep elf annihilators (Elf:3)
  A centaur warrior (Vaults:3)
  A satyr (Shoals:4)
  A deep elf knight (Elf:1)
  2 deep elf zephyrmancers
  2 deep elf pyromancers
  A merfolk (Shoals:4)
  A lava snake (Volcano)
  31 hexers
45 creatures vanquished.

Grand Total: 1495 creatures vanquished

Notes
Turn   | Place    | Note
-------+----------+-------------------------------------------
     0 | D:1      | babbab the Demonspawn Gladiator began the quest for the
                  | Orb.
     0 | D:1      | Reached XP level 1. HP: 16/16 MP: 1/1
    24 | D:1      | Reached skill level 3 in Long Blades
   120 | D:1      | Gained mutation: A meltable shield of frost defends you.
                  | (SH +4) [demonic ancestry]
   120 | D:1      | Reached XP level 2. HP: 20/22 MP: 2/2
   519 | D:1      | Found a faded altar of an unknown god.
   562 | D:1      | Reached XP level 3. HP: 27/27 MP: 3/3
  1062 | D:2      | Reached skill level 4 in Long Blades
  1338 | D:2      | Noticed Terence
  1357 | D:2      | Killed Terence
  1358 | D:2      | Gained mutation: Your touch may inflict minor irresistible
                  | damage on your foes. [demonic ancestry]
  1358 | D:2      | Reached XP level 4. HP: 10/33 MP: 4/4
  2219 | D:3      | Reached skill level 5 in Long Blades
  2545 | D:3      | Reached XP level 5. HP: 38/38 MP: 5/5
  2657 | D:4      | Noticed a black bear
  2714 | D:4      | Killed a black bear
  2715 | D:4      | Reached skill level 6 in Long Blades
  2715 | D:4      | Gained mutation: You are partially covered in sharp spines.
                  | [demonic ancestry]
  2715 | D:4      | Reached XP level 6. HP: 34/44 MP: 6/6
  2783 | D:4      | Found a transporter.
  2784 | D:4      | Identified the +3 ring mail of the Cockroach {Int+2}
  2819 | D:4      | Found a basalt altar of Yredelemnul.
  2823 | D:4      | Found a stormy altar of Qazlal.
  2823 | D:4      | Found a burning altar of Makhleb.
  2827 | D:4      | Found a sparkling altar of Nemelex Xobeh.
  2889 | D:4      | Noticed a steam dragon
  2901 | D:4      | Killed a steam dragon
  2902 | D:4      | Reached skill level 1 in Armour
  2970 | D:4      | Found Ufumye's Tiny Tomes.
  3003 | D:4      | Reached XP level 7. HP: 39/51 MP: 7/7
  3183 | D:4      | Found a shimmering altar of Xom.
  3201 | D:4      | Identified the +1 leather armour of the Game of Life
                  | {Rampage}
  3274 | D:4      | Noticed Tang's ghost (amateur KoHs)
  3279 | D:4      | Found a transporter.
  3342 | D:4      | Bought Sif Muna's Papyrus of the Compass for 110 gold
                  | pieces
  3364 | D:5      | Entered Level 5 of the Dungeon
  3488 | D:5      | Reached skill level 1 in Translocations
  3491 | D:5      | Reached skill level 1 in Spellcasting
  3752 | D:5      | Found a glowing drain.
  3756 | Sewer    | Entered a sewer
  3886 | Sewer    | Reached skill level 7 in Long Blades
  4045 | Sewer    | Gained mutation: When seriously injured, your blood forms
                  | armour. (AC +9) [demonic ancestry]
  4045 | Sewer    | Reached XP level 8. HP: 50/57 MP: 11/11
  4173 | D:5      | Found a staircase to the Ecumenical Temple.
  4203 | Temple   | Entered the Ecumenical Temple
  4203 | Temple   | Found a transporter.
  4203 | Temple   | Found a transporter.
  4205 | Temple   | Found a transporter.
  4205 | Temple   | Found a transporter.
  4220 | Temple   | Became a worshipper of Hepliaklqana the Forgotten
  5161 | D:6      | Found Ohajig's Antique Weapon Shop.
  5254 | D:6      | Found a sand-covered staircase.
  5263 | Ossuary  | Entered an ossuary
  5273 | Ossuary  | Reached * piety under Hepliaklqana
  5554 | D:6      | Found Juot's Assorted Antiques.
  5646 | D:6      | Noticed Pikel
  5654 | D:6      | Killed Pikel
  5690 | D:6      | Found Celim's Armour Shop.
  5826 | D:6      | Found Reeguymie's Book Shoppe.
  5857 | D:6      | Reached XP level 9. HP: 43/55 MP: 13/15
  6037 | D:6      | Found an opulent altar of Gozag.
  6042 | D:6      | Reached skill level 8 in Long Blades
  6261 | D:7      | Reached skill level 5 in Translocations
  6518 | D:7      | Identified the +0 robe "Hevaem" {Int+3}
  6616 | D:7      | Reached ** piety under Hepliaklqana
  6617 | D:7      | Remembered your ancestor Servius as a hexer
  6623 | D:7      | Learned a level 4 spell: Manifold Assault
  7231 | D:8      | Noticed Natenado's ghost (novice DjFE)
  7237 | D:8      | Identified the ring "Bafugg" {Wiz rN++ Str-2}
  7313 | D:8      | Found a runed translucent gate.
  7313 | D:8      | Found a runed translucent gate.
  7314 | D:8      | Found a runed translucent gate.
  7382 | D:8      | Found a flagged portal.
  7393 | Bailey   | Entered a bailey
  7419 | Bailey   | Reached skill level 9 in Long Blades
  7445 | Bailey   | Noticed an orc knight
  7454 | Bailey   | Gained mutation: Your touch may inflict irresistible damage
                  | on your foes. [demonic ancestry]
  7454 | Bailey   | Reached XP level 10. HP: 51/61 MP: 16/16
  7460 | Bailey   | Killed an orc knight
  7467 | Bailey   | Found a bloodstained altar of Trog.
  7751 | D:8      | Learned a level 3 spell: Vhi's Electric Charge
  8211 | D:9      | Found a shimmering blue altar of Sif Muna.
  8239 | D:9      | Reached skill level 5 in Armour
  8372 | D:9      | Got Sif Muna's Quarto of Ill-starred Rot
  8377 | D:9      | Learned a level 3 spell: Portal Projectile
  8381 | D:9      | Found a bloodstained altar of Trog.
  8448 | D:9      | Reached *** piety under Hepliaklqana
  8509 | D:9      | Noticed Psyche
  8515 | D:9      | Killed Psyche
  8895 | D:10     | Entered Level 10 of the Dungeon
  9107 | D:10     | Reached skill level 10 in Long Blades
  9177 | D:10     | Gained mutation: A meltable icy envelope protects you from
                  | harm. (AC +4) [demonic ancestry]
  9177 | D:10     | Reached XP level 11. HP: 58/70 MP: 1/17
  9261 | D:10     | Found a staircase to the Orcish Mines.
  9348 | D:10     | Noticed a sun demon
  9355 | D:10     | Reached skill level 5 in Dodging
  9356 | D:10     | Reached skill level 5 in Fighting
  9634 | D:10     | Noticed a two-headed ogre
  9642 | D:10     | Killed a two-headed ogre
 10132 | D:11     | Reached **** piety under Hepliaklqana
 10261 | D:11     | Noticed a centaur warrior
 10273 | D:11     | Killed a centaur warrior
 10397 | D:11     | Found a staircase to the Lair.
 10854 | D:11     | Noticed Maurice
 10864 | D:11     | Killed Maurice
 10938 | Lair:1   | Entered Level 1 of the Lair of Beasts
 11277 | Lair:1   | Gained mutation: You are mostly covered in sharp spines.
                  | [demonic ancestry]
 11277 | Lair:1   | Reached XP level 12. HP: 75/80 MP: 1/18
 11514 | Lair:1   | Reached skill level 11 in Long Blades
 11754 | Lair:1   | Reached ***** piety under Hepliaklqana
 12947 | Lair:2   | Noticed Urug
 12960 | Lair:2   | Killed Urug
 12964 | Lair:2   | Found a staircase to the Shoals.
 13416 | Lair:2   | Found a hole to the Spider Nest.
 13868 | Lair:3   | Found a dark tunnel.
 13873 | Volcano  | Entered a volcano
 14150 | Volcano  | Found a bloodstained altar of Trog.
 14166 | Volcano  | Reached skill level 10 in Translocations
 14175 | Volcano  | Noticed a stone giant
 14184 | Volcano  | Killed a stone giant
 14599 | Lair:3   | Reached XP level 13. HP: 88/88 MP: 19/19
 15772 | Lair:4   | Reached ****** piety under Hepliaklqana
 15805 | Lair:4   | Reached skill level 12 in Long Blades
 16346 | Lair:4   | Found a staircase to the Slime Pits.
 16421 | Lair:4   | Noticed Josephine
 16430 | Lair:4   | Killed Josephine
 16762 | Lair:5   | Entered Level 5 of the Lair of Beasts
 17306 | Lair:5   | Identified the +5 falchion "Tamuaqe" {protect, Int+2}
 17667 | Lair:5   | Reached XP level 14. HP: 97/97 MP: 4/20
 18485 | Lair:5   | Reached skill level 10 in Fighting
 18524 | Lair:5   | Reached skill level 10 in Armour
 19890 | D:12     | Reached skill level 13 in Long Blades
 20373 | D:13     | Reached skill level 10 in Dodging
 20493 | D:13     | Found a gate to the Vaults.
 21325 | D:14     | Found a bloodstained altar of Trog.
 22190 | D:15     | Entered Level 15 of the Dungeon
 22364 | D:15     | Reached XP level 15. HP: 106/106 MP: 0/21
 22681 | D:15     | Found a staircase to the Depths.
 23506 | Orc:1    | Entered Level 1 of the Orcish Mines
 23650 | Orc:2    | Entered Level 2 of the Orcish Mines
 23944 | Orc:2    | Noticed Rupert
 23958 | Orc:2    | Killed Rupert
 24058 | Orc:2    | Found a staircase to the Elven Halls.
 24973 | Orc:2    | Found Enylitzy's Jewellery Boutique.
 24986 | Orc:2    | Bought a ring of willpower for 275 gold pieces
 25004 | Orc:2    | Found a radiant altar of Vehumet.
 25046 | Orc:2    | Noticed Nergalle
 25051 | Orc:2    | Found an ancient bone altar of Kikubaaqudgha.
 25057 | Orc:2    | Killed Nergalle
 25229 | Orc:2    | Found Qeozymyhi's Magic Scroll Boutique.
 25236 | Orc:2    | Reached skill level 14 in Long Blades
 25239 | Orc:2    | Found Epoadorphi's Antique Armour Shop.
 25336 | Orc:2    | Found Vudum's Jewellery Shop.
 25364 | Orc:2    | Bought a scroll of enchant weapon for 105 gold pieces
 25364 | Orc:2    | Bought a scroll of blinking for 105 gold pieces
 25364 | Orc:2    | Bought a scroll of blinking for 105 gold pieces
 25364 | Orc:2    | Bought a scroll of enchant weapon for 105 gold pieces
 25364 | Orc:2    | Bought a scroll of enchant weapon for 105 gold pieces
 25364 | Orc:2    | Bought a scroll of blinking for 105 gold pieces
 25373 | Orc:2    | Bought the +4 Cigotuvi's embrace {Corpsefed rMiasma Drain
                  | rN+} for 883 gold pieces
 25373 | Orc:2    | Found the +4 Cigotuvi's embrace {Corpsefed rMiasma Drain
                  | rN+}
 25373 | Orc:2    | Bought a shimmering ring mail for 288 gold pieces
 25373 | Orc:2    | Identified the +5 ring mail "Ogeysoax" {rElec Str+3 Int+3}
                  | (You bought it in a shop on level 2 of the Orcish Mines)
 25373 | Orc:2    | Bought an embroidered cloak for 240 gold pieces
 25373 | Orc:2    | Bought a shiny scale mail for 224 gold pieces
 25626 | Shoals:1 | Entered Level 1 of the Shoals
 26496 | Shoals:1 | Found Ufosh's Vocational Training.
 26747 | Shoals:1 | Reached skill level 1 in Invocations
 28331 | Shoals:2 | Gained mutation: When seriously injured, your blood forms
                  | thick armour. (AC +9) [demonic ancestry]
 28331 | Shoals:2 | Reached XP level 16. HP: 92/111 MP: 5/22
 29734 | Shoals:3 | HP: 4/116 [faun/+0 spear[a satyr] (25)]
 29740 | Shoals:3 | Reached skill level 5 in Invocations
 31101 | Shoals:4 | Entered Level 4 of the Shoals
 32950 | Shoals:4 | Reached skill level 15 in Long Blades
 33658 | Shoals:4 | Got the Encyclopedia of the Assassin
 33686 | Shoals:4 | Got a barnacled rune of Zot
 34109 | Shoals:4 | Gained mutation: You are completely covered in sharp
                  | spines. [demonic ancestry]
 34109 | Shoals:4 | Reached XP level 17. HP: 96/123 MP: 18/23
 34414 | Spider:1 | Entered Level 1 of the Spider Nest
 34738 | Spider:1 | Learned a level 2 spell: Wereblood
 34855 | Spider:1 | Noticed Asterion
 34868 | Spider:1 | Killed Asterion
 36333 | Spider:2 | Got the Spellbook of the Snake and Frostbite
 36618 | Spider:3 | Noticed Arachne
 36622 | Spider:3 | Noticed Agnes
 36890 | Spider:3 | Killed Agnes
 36896 | Spider:3 | Noticed Mlioglotl
 36906 | Spider:3 | Killed Mlioglotl
 37042 | Spider:3 | Killed Arachne
 37353 | Spider:3 | Found a runed translucent gate.
 37353 | Spider:3 | Found a runed translucent gate.
 37353 | Spider:3 | Found a runed translucent gate.
 37353 | Spider:3 | Noticed ritesign's ghost (adept DECj)
 37366 | Spider:3 | Killed ritesign's ghost
 38717 | Spider:4 | Entered Level 4 of the Spider Nest
 38877 | Spider:4 | Reached skill level 16 in Long Blades
 38969 | Spider:4 | Reached XP level 18. HP: 132/132 MP: 16/24
 39979 | Spider:4 | Reached skill level 15 in Fighting
 40850 | Spider:4 | Got a gossamer rune of Zot
 40861 | Spider:4 | Identified the +0 hat of the Tuna {rCorr Dex+2}
 40921 | Spider:4 | Paralysed by a jorogumo for 2 turns
 41532 | Elf:1    | Entered Level 1 of the Elven Halls
 42085 | Elf:1    | Found a frozen archway.
 42107 | IceCv    | Entered an ice cave
 42723 | IceCv    | Noticed an Ice Fiend
 42760 | IceCv    | Killed an Ice Fiend
 43072 | IceCv    | Identified the +1 helmet of the Desert {Dex+4}
 43838 | Elf:1    | Found Foskyf's Jewellery Boutique.
 43885 | Elf:1    | Reached skill level 15 in Armour
 43887 | Elf:1    | Paralysed by an air elemental for 1 turns
 44112 | Elf:1    | Bought a ring of see invisible for 195 gold pieces
 44265 | Elf:1    | You fall into a shaft and drop 1 floor!
 44304 | Elf:2    | Gained mutation: You are robust. (+10% HP) [demonic
                  | ancestry]
 44304 | Elf:2    | Reached XP level 19. HP: 64/157 MP: 11/25
 44671 | Elf:1    | Reached skill level 17 in Long Blades
 44971 | Elf:1    | Reached skill level 1 in Stealth
 45116 | Elf:1    | Got the Verses on Energy and Illusion
 45412 | Elf:2    | Reached skill level 15 in Dodging
 45785 | Elf:2    | Found a runed translucent gate.
 45785 | Elf:2    | Found a runed translucent gate.
 45786 | Elf:2    | Found a runed translucent gate.
 45880 | Elf:3    | Entered Level 3 of the Elven Halls
 45999 | Abyss:2  | Cast into level 2 of the Abyss (a deep elf demonologist)
 46009 | Abyss:2  | Found a corrupted altar of Lugonu.
 46022 | Abyss:2  | Fell from the grace of Hepliaklqana
 46022 | Abyss:2  | Became a worshipper of Lugonu the Unformed
 46022 | Abyss:2  | Reached * piety under Lugonu
 46022 | Abyss:2  | Reached ** piety under Lugonu
 46023 | Elf:3    | Escaped the Abyss
 46052 | Elf:3    | Noticed a Brimstone Fiend
 46471 | Elf:3    | Identified the +0 leather armour "Jyxti" {rElec rN++ Will+}
 46535 | Elf:3    | Identified the +0 ring mail of Tortured Miracles {Rampage
                  | rN+ Will+ Slay-2}
 47197 | Elf:3    | Identified the staff of conjuration "Noliaf" {+Blink rF+
                  | Str+3 Dex+2}
 47199 | Elf:3    | Identified the staff of fire "Noat" {rElec rF+ rN+++ Will-
                  | Int+2}
 47279 | Elf:3    | Found the amulet of Vitality {RegenMP++ Regen++}
 47306 | Elf:3    | Learned a level 4 spell: Passage of Golubria
 47309 | Elf:3    | Learned a level 2 spell: Blink
 47312 | Elf:3    | Learned a level 2 spell: Lesser Beckoning
 47780 | Vaults:1 | Entered Level 1 of the Vaults
 47805 | Vaults:1 | Found a portal to a secret trove of treasure.
 48129 | Vaults:1 | Reached *** piety under Lugonu
 48187 | Vaults:1 | Noticed Donald
 48192 | Vaults:1 | Killed Donald
 48256 | Vaults:1 | Identified the +5 rapier of Untruth {flame, rC+}
 49027 | Vaults:2 | Reached **** piety under Lugonu
 49242 | Vaults:2 | Noticed Sojobo
 49672 | Vaults:3 | Identified the +2 glaive "Kotu Jil" {spect, Int+5}
 50091 | Vaults:3 | Mangled by a white very ugly thing

Illustrated notes

Levels and vault maps discovered:
D:1:      lightli_arrival_statuegarden, layout_basic,
          ebering_ecumenical_altar_hall
D:2:      layout_loops_corners, roderic_lattice_a, uniq_terence
D:3:      layout_loops_cross, minmay_statues_item, minmay_distorted
D:4:      layout_gridville, general_overflow_altar, grunt_temple_overflow_open,
          gammafunk_ghost_mausoleum, nicolae_shop_i_like_small_books_too
D:5:      layout_gridville, minmay_temple_entry_gardened_gates,
          gup_sewer_entry_spiral
D:6:      layout_gridville, kennysheep_little_box, chequers_ossuary_entry_cave,
          serial_shops, nicolae_shop_tiny_waterfront, shop,
          nicolae_shop_crystal, nicolae_diamond_shop,
          hangedman_abyss_or_decor_jellyfish_corner,
          amcnicky_mini_rare_corridor_liquid, uniq_pikel
D:7:      nicolae_cairo_tiling, layout_loops_ring
D:8:      layout_rooms, enter_bailey_2, gammafunk_ghost_split
D:9:      layout_basic, nzn_overflow_gifts_of_might_and_magic, st_stairs_7,
          uniq_psyche
D:10:     layout_irregular_city, erik_orc_2
D:11:     layout_grid_maze, lair_entry_dummy, uniq_maurice
D:12:     layout_loops_cross
D:13:     layout_rooms, david_vaults_4
D:14:     layout_irregular_city, serial_bayou, serial_bayou_lagoon_a,
          serial_bayou_pond_d, serial_bayou_pond_a, serial_bayou_shore_a,
          minmay_misc_feat_columns, trog_butcher_becter
D:15:     gammafunk_depths_entry_grave, layout_rooms
Temple:   hellmonk_temple_divided_pantheon
Lair:1:   wander_river, layout_loops_ring, beast_lair_carwin_3,
          grunt_megastairs_3
Lair:2:   layout_regular_city, nicolae_shoals_entry_roost,
          nicolae_spider_entry_lesser_pyramids, uniq_urug
Lair:3:   layout_hall_layers, enter_volcano_4
Lair:4:   layout_gridlike, dpeg_slime_entry_enclosed, minmay_hedge_maze,
          uniq_josephine
Lair:5:   hangedman_lair_tendril_chambers, layout_small_grid,
          guppyfry_lair_end_dragon, minivault_27,
          grunt_forest_large_clearing_hut
Shoals:1: layout_shoals, nicolae_shop_vocational
Shoals:2: layout_shoals
Shoals:3: layout_shoals
Shoals:4: shoals_end_grunt_garden, layout_shoals
Spider:1: layout_spider_delve, uniq_asterion
Spider:2: layout_spider_delve, nicolae_spider_cling_halls
Spider:3: layout_spider_delve, ebering_ghost_rock_garden,
          nicolae_spider_bug_shape, uniq_arachne, uniq_mlioglotl, uniq_agnes
Spider:4: grunt_spider_rune_parallel
Orc:1:    layout_diamond_mine
Orc:2:    kennysheep_orc_mage_school, layout_diamond_mine, basic_altar,
          uniq_rupert
Elf:1:    elf_arrival_002, layout_geoelf_octagon,
          portal_ice_cave_entry_ugly_swarm, serial_shops,
          nicolae_shop_gaudy_bauble, minmay_elf_sorcery
Elf:2:    nicolae_elf_blades_splatter_lattice [infiniplex_blade_entry_pillars],
          layout_geoelf_diagonals
Elf:3:    grunt_elf_hall_branching, layout_geoelf_diagonals,
          dreamdust_princess_corridor
Vaults:1: v_rooms_2, nicolae_vaults_trapezoid_1,
          hangedman_vaults_stretched_pinwheel, ontoclasm_vaults_gallery,
          nicolae_vaults_shelves_hall, nicolae_vaults_ring_of_whatevers,
          vaults_standard_mumra_x, nicolae_vaults_little_squares_1,
          nicolae_vaults_trapezoid_1, nicolae_vaults_cochlea,
          vaults_room_corners, layout_vaults_maze, enter_trove_1, uniq_donald
Vaults:2: v_pattern_1, v_misc_30, nicolae_vaults_apartment_2,
          ontoclasm_vaults_loading_screen, minmay_crypt_entry_simple_round,
          ontoclasm_vaults_chip, layout_vaults_omnigrid, uniq_bai_suzhen,
          uniq_sojobo
Vaults:3: vaults_mumra_chevron, hangedman_vaults_stream,
          nicolae_vaults_taking_the_gang_shopping,
          nicolae_vaults_little_squares_4, nicolae_vaults_tetromino_Z_1,
          v_misc_24, hangedman_vaults_slice, v_misc_16, vaults_dpeg_hooks,
          nicolae_vaults_security_offices_2, nicolae_vaults_shrinking_rooms_2,
          nicolae_vaults_sightless_eye, layout_vaults_ring

Skill      XL: |  1  2  3  4  5  6  7  8  9 10 11 12 13 14 15 16 17 18 19 |
---------------+----------------------------------------------------------+-----
Long Blades    | 3 4 5 6 7 9 10 11 12 13 14 15 16 17 | 17.1
Armour         | 1 2 4 5 7 8 9 10 12 14 15 | 15.3
Dodging        | 3 4 6 7 9 10 11 12 13 14 15 | 15.0
Translocations | 2 4 7 8 9 10 11 | 11.1
Spellcasting   | 2 4 |  4.0
Fighting       | 4 6 8 9 11 12 13 14 15 16 | 16.2
Invocations    | 3 7 8 |  8.0
Stealth        | 2 |  2.4
Throwing       | |  1.7

Action                     |  1- 3 |  4- 6 |  7- 9 | 10-12 | 13-15 | 16-18 | 19-21 || total
---------------------------+-------+-------+-------+-------+-------+-------+-------++-------
  Melee: Long sword        |    98 |   100 |   320 |   474 |   459 |    39 |       ||  1490
         Punch             |     1 |     1 |     1 |     4 |    16 |    15 |       ||    38
         Touch             |       |    16 |    66 |    77 |   161 |   187 |       ||   507
         Scimitar          |       |       |       |       |   756 |  1200 |       ||  1956
         Great sword       |       |       |       |       |       |   169 |   607 ||   776
  Throw: Javelin           |     2 |       |       |       |     1 |     3 |       ||     6
         Dart              |     4 |     1 |       |       |       |    10 |       ||    15
   Cast: Manifold Assault  |       |       |       |    68 |   204 |   196 |    49 ||   517
         Vhi's Electric Ch |       |       |       |       |       |    37 |    50 ||    87
         Portal Projectile |       |       |       |       |       |     5 |       ||     5
         Wereblood         |       |       |       |       |       |    13 |       ||    13
 Invoke: Ancestor Life: He |       |       |     1 |       |       |       |       ||     1
         Recall Ancestor   |       |       |       |       |     2 |     2 |       ||     4
         Depart the Abyss  |       |       |       |       |       |       |     1 ||     1
  Evoke: Wand              |       |       |     1 |    10 |     3 |     2 |       ||    16
         Phial of floods   |       |       |       |       |       |       |     1 ||     1
         Phantom mirror    |       |       |       |       |       |       |     1 ||     1
    Use: Potion            |     4 |     1 |     6 |     5 |    17 |    15 |     2 ||    50
         Scroll            |     3 |     4 |    11 |    11 |     6 |    20 |     5 ||    60
   Stab: Confused          |       |       |     3 |     9 |    15 |    22 |     4 ||    53
         Distracted        |       |       |       |     6 |     8 |     9 |     1 ||    24
         Invisible         |       |       |       |       |     7 |       |     1 ||     8
         Paralysed         |       |       |       |       |    16 |    70 |     9 ||    95
 Armour: Leather armour    |    20 |       |       |       |    41 |       |       ||    61
         Plate armour      |    10 |       |       |    22 |       |       |       ||    32
         Chain mail        |       |    35 |       |       |       |       |       ||    35
         Ring mail         |       |     7 |    81 |    90 |   145 |   437 |   137 ||   897
         Ice dragon scales |       |       |       |       |       |    14 |       ||    14
         Scale mail        |       |       |       |       |       |     4 |       ||     4
  Dodge: Dodged            |    53 |    33 |   144 |   238 |   448 |   776 |   367 ||  2059
  Block: Other             |    14 |    30 |   141 |   156 |   269 |   400 |   109 ||  1119
         Reflection        |       |       |    13 |    16 |    23 |    29 |     8 ||    89
